AoeStats
← ruidoblanco

Socotra

505542531Analyzed
3v3 RM · 22d ago on Sep 9, 2026· 54m 26s· 6 players
Game mode
Random Map
Map size
128×128
Population
200
Speed
Normal
Resources
Standard
Victory
Conquest
Starting age
Dark Age
Ending age
Imperial Age
RankedLock teamsTeams togetherTeam positionsShared explorationLock speedFull tech treeHidden civsTurbo modeCheats
Victory
Defeat
🇪🇸 Britons · Spain
683
+15
🇺🇸 Sicilians · United States
653
+17
🇦🇷 Wu · Argentina
650
+17
🇺🇸 Mapuche · United States
704
-18
🇺🇸 Burmese · United States
664
-16
🇨🇴 Britons · Colombia
629
-15
Myvt365
0:41 Loom
16:52 Feudal Age
18:12 Wheelbarrow
17:21 Horse Collar
17:33 Double-Bit Axe
20:49 Fletching
21:10 Forging
21:02 Padded Archer Armor
26:49 Castle Age
28:07 Hand Cart
29:50 Bow Saw
29:45 Heavy Plow
33:06 Bodkin Arrow
40:05 Malon
46:37 Imperial Age
SoapyCoder
11:37 Feudal Age
12:53 Wheelbarrow
12:05 Horse Collar
15:14 Forging
15:07 Fletching
19:14 Man-at-Arms
20:18 Scale Mail Armor
21:12 Padded Archer Armor
21:50 Arson
34:02 Castle Age
34:44 Elite Skirmisher
34:48 Pikeman
35:15 Gambesons
35:31 Squires
35:33 Bodkin Arrow
46:49 Imperial Age
47:10 Capped Ram
48:24 Bracer
49:02 Iron Casting
48:59 Loom
50:26 Heavy Plow
51:21 Chain Mail Armor
52:08 Blast Furnace
52:14 Halberdier
Aleko Bart
4:58 Loom
21:20 Feudal Age
23:37 Wheelbarrow
23:10 Horse Collar
33:00 Double-Bit Axe
45:07 Castle Age
42:36 Man-at-Arms
53:32 Crossbowman
SpinettaX
13:06 Feudal Age
12:51 Loom
13:54 Double-Bit Axe
16:09 Gold Mining
16:10 Man-at-Arms
16:36 Arson
16:52 Horse Collar
19:20 Wheelbarrow
24:50 Town Watch
26:13 Stone Mining
27:30 Scale Mail Armor
27:40 Forging
28:54 Bloodlines
31:18 Castle Age
31:58 Padded Archer Armor
31:49 Fletching
32:36 Iron Casting
32:07 Scale Barding Armor
32:24 Hand Cart
32:29 Bow Saw
32:23 Heavy Plow
31:55 Light Cavalry
32:36 Husbandry
32:48 Long Swordsman
39:15 Gold Shaft Mining
39:15 Stone Shaft Mining
43:27 Chain Barding Armor
44:28 Chain Mail Armor
53:22 Imperial Age
51:07 Bodkin Arrow
51:28 Leather Archer Armor
Jag
11:55 Feudal Age
10:10 Loom
14:14 Double-Bit Axe
23:38 Scale Mail Armor
26:24 Forging
27:35 Arson
30:01 Fletching
30:12 Padded Archer Armor
32:19 Castle Age
31:32 Wheelbarrow
30:45 Man-at-Arms
31:59 Horse Collar
33:29 Long Swordsman
33:56 Gambesons
33:33 Pikeman
34:14 Squires
35:12 Elite Skirmisher
38:16 First Crusade
38:53 Leather Archer Armor
40:18 Bow Saw
44:06 Iron Casting
43:47 Chain Mail Armor
43:38 Scale Barding Armor
43:29 Bodkin Arrow
45:35 Ballistics
45:11 Murder Holes
45:27 Masonry
45:08 Heated Shot
47:41 Husbandry
47:53 Bloodlines
47:07 Light Cavalry
51:03 Chain Barding Armor
ruidoblanco
7:38 Loom
14:09 Feudal Age
15:14 Man-at-Arms
30:03 Castle Age
29:34 Double-Bit Axe
31:24 Fletching
33:25 Bodkin Arrow
35:34 Crossbowman
44:56 Pikeman
48:52 Imperial Age
49:27 Town Watch
50:07 Arbalester
50:55 Bracer
52:32 Gold Mining
Connection lost

Rejoining the realm…

Still unreachable

The connection could not be restored.

Session expired

The server has moved on; the page needs a fresh start.